 Dungeon Crawl Stone Soup version 0.31.0-32-g396128a36d (webtiles) character file.

Game seed: 5585649549217939048

3315 spaghetti the Mimic (level 10, -1/79 HPs)
             Began as an Oni Chaos Knight on Mar 10, 2024.
             Was a Plaything of Xom.
             Slain by a very large slime creature (35 damage)
             ... on level 8 of the Dungeon.
             The game lasted 00:07:35 (7969 turns).

spaghetti the Mimic (Oni Chaos Knight)              Turns: 7969, Time: 00:07:36

Health: -1/79      AC: 22    Str: 22    XL:     10   Next: 1%
Magic:  10/10      EV:  9    Int: 16    God:    Xom [..*...]
Gold:   489        SH:  0    Dex:  7    Spells: 9/9 levels left

rFire   + . .        a - +0 spear (chaos)
rCold   . . .        (no shield)
rNeg    + . .        b - melded +2 robe
rPois   ∞            (helmet restricted)
rElec   +            (no cloak)
rCorr   .            (gloves unavailable)
SInv    .            (boots unavailable)
Will    ++...        (no amulet)
Stlth   +            l - ring of protection from fire
HPRegen 0.33/turn    (no ring)
MPRegen 0.12/turn

%: no passive effects
@: mighty, statue-form, attractive, very slow
A: slow and powerful, torment resistance 1, reduced hp, large, unfitting armour,
horns 1, (tough skin 1), double potion healing, drunken brawling, talons 1,
strong-willed 1, strong 1
a: Begin Untransformation, Renounce Religion


You were on level 8 of the Dungeon.
You worshipped Xom.
You were a toy of Xom.
You were a living statue of rough stone.
You visited 1 branch of the dungeon, and saw 8 of its levels.

You collected 539 gold pieces.
You spent 50 gold pieces at shops.

Inventory:

Hand Weapons
 a - a +0 spear of chaos (weapon)
 q - a +2 halberd of draining
 t - a +4 trident of draining
 y - a +3 rapier
 C - a +5 shortbow
Armour
 b - a +2 robe (melded)
 r - +0 swamp dragon scales
 u - an orb of energy
 v - a +2 robe of positive energy
 x - the scarf of the Old and Reckless {shadows, Int+3}
   (Xom gifted it to you on level 6 of the Dungeon)

   Int+3:     It affects your intelligence (+3).
Magical Staves
 k - a staff of cold
Jewellery
 l - a ring of protection from fire (left fist)
Talismans
 h - a granite talisman (active)
 i - a serpent talisman
Wands
 c - a wand of flame (23)
 o - a wand of charming (9)
 E - a wand of polymorph (12)
Scrolls
 d - 2 scrolls of immolation
 f - a scroll of torment {unknown}
 g - 3 scrolls of identify
 m - 2 scrolls of teleportation
 n - a scroll of fog
 p - 2 scrolls of revelation {unknown}
 s - 2 scrolls of blinking {unknown}
 z - a scroll of vulnerability {unknown}
 A - a scroll of butterflies
Potions
 e - a potion of enlightenment
 j - 3 potions of haste
 B - 2 potions of magic
 D - a potion of attraction


   Skills:
 - Level 5.8 Fighting
 - Level 3.0 Polearms
 - Level 2.1 Dodging
 + Level 12.2 Shapeshifting


You had 9 spell levels left.
You didn't know any spells.
Your spell library contained the following spells:

 Spells                   Type           Power      Damage    Failure   Level
 Magic Dart               Conj           0%         1d3       26%         1
 Blink                    Tloc           0%         N/A       36%         2
 Lesser Beckoning         Tloc           0%         N/A       36%         2
 Momentum Strike          Conj/Tloc      0%         3d8       36%         2
 Searing Ray              Conj           0%         2d4       36%         2
 Fulminant Prism          Conj/Alch      0%         3d5       94%         4
 Sculpt Simulacrum        Ice/Alch       0%         N/A       100%        6
 Ozocubu's Refrigeration  Ice            0%         4d7       100%        7
 Polar Vortex             Ice            0%         N/A       100%        9


Dungeon Overview and Level Annotations

Branches:
Dungeon (8/15)             Temple (0/1) D:6
   Lair: D:8-11

Altars:
Cheibriados
Fedhas
Gozag
Nemelex Xobeh
Qazlal
Ru
Xom
Zin

Shops:
D:2 !

Annotations:
D:6 3 runed translucent doors, Gadfly's ghost, novice GrFi


Innate Abilities, Weirdness & Mutations

You are a living statue of rough stone.
Your actions are slow, but your melee attacks are powerful.
You are resistant to unholy torment.
Your maximum health is decreased, since you lack skill for your form.
Your equipment is partially melded.
You are too large for most types of armour.
You are immune to poison.
You have a pair of small horns on your head.
((You have tough skin. (AC +1)))
You gain doubled healing and magic from potions.
Whenever you drink a healing potion, you attack all around you.
You have sharp toenails.
You are strong-willed. (Will+)
Your muscles are strong. (Str +4, Int/Dex -1)


Message History

You completely miss the large slime creature.
You claw the large slime creature!
The large slime creature is lightly wounded.
The large slime creature closely misses you.
The jelly closely misses you.
The slime creature completely misses you.
You hit the large slime creature.
The large slime creature is moderately wounded.
The large slime creature hits you but does no damage.
The jelly hits you but does no damage.
The slime creature hits you but does no damage.
The large slime creature hits you!!
You are too injured to fight recklessly!
You are too injured to fight recklessly!
You are too injured to fight recklessly!
You are too injured to fight recklessly!
You are too injured to fight recklessly!
You are too injured to fight recklessly!
You are too injured to fight recklessly!
You are too injured to fight recklessly!
You are too injured to fight recklessly!
You are too injured to fight recklessly!
You are too injured to fight recklessly!
A large slime creature splits.
Two slime creatures merge to form a large slime creature.
Two slime creatures merge to form a very large slime creature.
It was a potion of might.
You feel very mighty all of a sudden.
Xom roars with laughter!
It was a potion of attraction.
You feel attractive to monsters.
You impale the very large slime creature!!
The very large slime creature is poisoned.
You claw the very large slime creature!!
You headbutt the very large slime creature!
The very large slime creature is heavily wounded.
The very large slime creature hits you.
The very large slime creature hits you!!
You die...
Xom howls with laughter!

...#...# #. ##.###.# #.
#.....# ########### ###.
##.###########.##.÷...?#
#...
#.#####....#.#.#......#
#...
#.#.##.....#.#.#......#
#...
#...)).....#'#.#÷_..__#
#...
##..').......#.#..÷...#
#..<
##.)).......#8#.÷___.#
####
#.##.......#J#......# #.
#####......##J.J....# #.
##########......# #[
##### ###############.
#...#############.......
#.....#........<#)######
###.#.#.#######.#.# #
#.#†#.# #####.# #


You could see a very large slime creature (very poisoned) and a jelly.

Vanquished Creatures
  Maggie (D:6)
  Jeremiah (D:6)
  Sigmund (D:4)
  Eustachio (D:6)
  2 wyverns (D:8)
  A water moccasin (D:6)
  An orc warrior (D:7)
  A sky beast (D:8)
  A black bear (D:5)
  2 ogres
  A centaur (D:5)
  A phantom (D:6)
  2 kobold brigands (D:8)
  3 bullfrogs
  2 scorpions (D:5)
  3 killer bees
  A bombardier beetle (D:4)
  6 hounds
  3 jellies
  5 iguanas
  2 orc priests (D:7)
  2 sleepcaps
  7 orc wizards
  4 gnolls (D:5)
  5 adders
  2 shadow imps (D:5)
  A white imp (D:6)
  2 ufetubi (D:7)
  A dart slug (D:1)
  16 orcs
  7 ball pythons
  7 endoplasms
  6 giant cockroaches
  6 goblins
  12 hobgoblins
  16 kobolds
  6 quokkas
  2 bats (D:1)
  4 frilled lizards
  4 rats (D:1)
151 creatures vanquished.

Vanquished Creatures (others)
  An orc wizard (D:4)
  An orc (D:4)
2 creatures vanquished.

Grand Total: 153 creatures vanquished

Notes
Turn   | Place    | Note
-------+----------+-------------------------------------------
     0 | D:1      | spaghetti the Oni Chaos Knight began the quest for the Orb.
     0 | D:1      | Reached XP level 1. HP: 24/24 MP: 1/1
    47 | D:1      | Reached XP level 2. HP: 31/33 MP: 2/2
    64 | D:1      | Reached skill level 5 in Fighting
    88 | D:1      | XOM is BORED!
    88 | D:1      | XOM: silly message
   142 | D:1      | Reached XP level 3. HP: 27/42 MP: 3/3
   188 | D:1      | XOM: silly message
   304 | D:1      | XOM: noise
   345 | D:1      | XOM: silly message
   356 | D:1      | XOM: 3-stop teleportation journey
   673 | D:2      | XOM: smoke on damage
   683 | D:2      | HP: 2/44 [frozen (4)]
   692 | D:2      | HP: 2/44 [hobgoblin (2)]
  1157 | D:2      | Found Tivvar's Distillery.
  1165 | D:2      | Bought a potion of berserk rage for 50 gold pieces
  1492 | D:3      | Reached skill level 1 in Shapeshifting
  1578 | D:3      | XOM: 2-stop teleportation journey
  1683 | D:4      | Noticed Sigmund
  1691 | D:4      | Killed Sigmund
  1692 | D:4      | Reached skill level 3 in Shapeshifting
  1692 | D:4      | Reached XP level 4. HP: 52/52 MP: 4/4
  1692 | D:4      | Reached XP level 5. HP: 59/59 MP: 5/5
  1744 | D:4      | XOM: noise
  1745 | D:4      | XOM: destruction
  1813 | D:4      | Reached skill level 4 in Shapeshifting
  1861 | D:4      | Reached XP level 6. HP: 62/67 MP: 6/6
  1923 | D:4      | XOM: 8-stop teleportation journey
  2152 | D:4      | XOM: fake destruction
  2358 | D:4      | XOM: scenery: create altars
  2517 | D:4      | Reached skill level 5 in Shapeshifting
  2548 | D:4      | XOM: give mutations
  2548 | D:4      | Gained mutation: You have sharp toenails. [Xom's grace]
  2548 | D:4      | Gained mutation: You are strong-willed. (Will+) [Xom's
                  | grace]
  2548 | D:4      | Gained mutation: Your muscles are strong. (Str +4, Int/Dex
                  | -1) [Xom's grace]
  2561 | D:5      | Entered Level 5 of the Dungeon
  2766 | D:5      | Noticed a black bear
  2771 | D:5      | Killed a black bear
  2772 | D:5      | Reached XP level 7. HP: 48/74 MP: 7/7
  2817 | D:5      | Reached skill level 6 in Shapeshifting
  2869 | D:5      | XOM: scenery: create altars
  3225 | D:5      | Reached skill level 7 in Shapeshifting
  3432 | D:5      | Reached XP level 8. HP: 68/83 MP: 8/8
  3562 | D:5      | XOM: divination: detect creatures
  3651 | D:6      | Noticed Maggie
  3661 | D:6      | Killed Maggie
  3662 | D:6      | Reached skill level 8 in Shapeshifting
  3798 | D:6      | Noticed Jeremiah
  3814 | D:6      | XOM: confusion (+ monsters)
  3818 | D:6      | Killed Jeremiah
  3819 | D:6      | Reached skill level 9 in Shapeshifting
  3972 | D:6      | XOM: summons 1 hostile demon
  4093 | D:6      | Reached XP level 9. HP: 85/89 MP: 9/9
  4106 | D:6      | XOM: cleaving
  4227 | D:6      | XOM: cloud trail
  4296 | D:6      | Found a runed translucent gate.
  4297 | D:6      | Found a runed translucent gate.
  4298 | D:6      | Found a runed translucent gate.
  4300 | D:6      | Noticed Gadfly's ghost (novice GrFi)
  4311 | D:6      | Noticed Eustachio
  4318 | D:6      | Killed Eustachio
  4319 | D:6      | Reached skill level 10 in Shapeshifting
  4339 | D:6      | Identified the scarf of the Old and Reckless {shadows,
                  | Int+3} (Xom gifted it to you on level 6 of the Dungeon)
  4339 | D:6      | XOM: god gift: scarf of the Old and Reckless {shadows,
                  | Int+3}
  4749 | D:6      | XOM: god gift: runed shortbow {god gift}
  4831 | D:6      | Found a staircase to the Ecumenical Temple.
  4934 | D:7      | XOM: polymorph killer bee -> orc
  5366 | D:7      | Reached skill level 11 in Shapeshifting
  5425 | D:7      | XOM: cast spell 'Disjunction'
  5429 | D:7      | XOM: confuse monster(s)
  5435 | D:7      | XOM: confuse monster(s)
  5645 | D:7      | Found a flagged portal.
  5723 | D:7      | Found a stormy altar of Qazlal.
  5826 | D:7      | XOM: enchant monster (bad)
  6191 | D:7      | XOM: divination: magic mapping
  6518 | D:7      | XOM: summons 3 hostile shadow creatures
  6722 | D:8      | Found a shimmering altar of Xom.
  7159 | D:8      | Found a sacrificial altar of Ru.
  7159 | D:8      | Found a glowing silver altar of Zin.
  7159 | D:8      | Found a sparkling altar of Nemelex Xobeh.
  7159 | D:8      | Found a snail-covered altar of Cheibriados.
  7159 | D:8      | Found a blossoming altar of Fedhas.
  7159 | D:8      | Found an opulent altar of Gozag.
  7166 | D:8      | XOM: noise
  7175 | D:8      | HP: 5/106 [very large slime creature (58)]
  7175 | D:8      | XOM: butterfly on damage
  7229 | D:8      | XOM: silly message
  7564 | D:8      | Found a sparkling altar of Nemelex Xobeh.
  7806 | D:8      | Reached skill level 12 in Shapeshifting
  7826 | D:8      | Reached XP level 10. HP: 74/98 MP: 10/10
  7908 | D:8      | XOM: fake destruction
  7969 | D:8      | Slain by a very large slime creature

Illustrated notes

Levels and vault maps discovered:
D:1:      saegor_arrival_simple_c, layout_rooms
D:2:      layout_basic, serial_shops, nicolae_shop_industrial_runoff,
          small_statue_intersection, kennysheep_boxes
D:3:      minmay_spotlight, layout_rooms, serial_shops, nicolae_shop_tiny_glass,
          minmay_misc_feat_x
D:4:      layout_loops_corners, uniq_sigmund
D:5:      layout_loops_ring, amethyst_killhole
D:6:      layout_gridville, temple_green, gammafunk_ghost_split, uniq_jeremiah,
          uniq_eustachio, uniq_maggie
D:7:      layout_layer_cave, kennysheep_little_box, enter_bailey_4
D:8:      cheibrodos_fertilizer, layout_basic, dk_xom_monty_hall,
          nemelex_xobeh_ov_fountains_minmay

Skill      XL: |  1  2  3  4  5  6  7  8  9 |
---------------+----------------------------+-----
Fighting       | 5 |  5.8
Shapeshifting  | 3 4 5 7 9 12 | 12.2
Polearms       | |  3.0
Dodging        | |  2.1

Action                     |  1- 3 |  4- 6 |  7- 9 | 10-12 || total
---------------------------+-------+-------+-------+-------++-------
  Melee: Spear             |   111 |    32 |    15 |    11 ||   169
         Headbutt          |     9 |     4 |     3 |     3 ||    19
         Punch             |     1 |       |       |       ||     1
         Unarmed           |       |    40 |   258 |       ||   298
         Constrict         |       |    10 |    47 |       ||    57
         Kick              |       |       |     4 |     8 ||    12
    Use: Scroll            |     4 |       |     2 |       ||     6
         Potion            |     3 |       |     2 |     2 ||     7
   Stab: Confused          |     1 |       |       |       ||     1
         Distracted        |     1 |       |       |       ||     1
 Armour: Robe              |    53 |    18 |       |       ||    71
         Skin              |     4 |    23 |   271 |    15 ||   313
  Dodge: Dodged            |    42 |    24 |   150 |     6 ||   222
         Form:             |     2 |       |       |       ||     2
         Serpent           |     1 |     1 |       |       ||     2
         Statue            |     1 |       |     1 |       ||     2
